 Dungeon Sprint DCSS version 0.28-a0-514-g0d7ab7f379 (webtiles) character file.

Game seed: 4807719956747011127

12250 dduke234 the Fencer (level 11, -4/109 HPs)
             Began as a Minotaur Fighter on Sept 22, 2021.
             Was a Priest of Hepliaklqana.
             Slain by an ogre mage (8 damage)
             ... in the Dungeon (Sprint IX: "|||||||||||||||||||||||||||||").
             The game lasted 00:09:02 (2241 turns).

dduke234 the Fencer (Minotaur Fighter)              Turns: 2241, Time: 00:09:02

Health: -4/109     AC: 11    Str: 24    XL:     11   Next: 60%
Magic:  10/10      EV: 17    Int:  5    God:    Hepliaklqana [***...]
Gold:   1238       SH:  7    Dex: 13    Spells: 10/10 levels left

rFire   . . .      SeeInvis .   n - +9 scimitar (holy)
rCold   . . .      Faith    .   c - +0 buckler
rNeg    . . .      Spirit   .   s - +0 acid dragon scales
rPois   .          Reflect  .   (helmet restricted)
rElec   .          Harm     .   (no cloak)
rCorr   +          Rampage  .   o - +0 pair of gloves
Will    .....      NoTele   +   (no boots)
Stlth   ++........              (no amulet)
HPRegen 0.28/turn               q - +3 ring of dexterity
MPRegen 0.12/turn               r - +2 ring of evasion

@: no status effects
A: reduced essence, horns 2, retaliatory headbutt
a: Renounce Religion, Recall Ancestor, Ancestor Identity, Transference


You were in the Dungeon.
You worshipped Hepliaklqana.
Hepliaklqana was most pleased with you.
You visited 1 branch You collected 1238 gold pieces.

Inventory:

Hand Weapons
 a - a +0 long sword
 n - a +9 scimitar of holy wrath (weapon)
Missiles
 y - 3 throwing nets (quivered)
Armour
 b - a +0 scale mail
 c - a +0 buckler (worn)
 o - a +0 pair of gloves (worn)
 p - a +2 ring mail
 s - +0 acid dragon scales (worn)
 t - a +0 troll leather armour
Jewellery
 q - a +3 ring of dexterity (left hand)
 r - a +2 ring of evasion (right hand)
 u - an amulet of regeneration
Wands
 m - a wand of acid (10)
Scrolls
 j - a scroll of blinking
 l - 5 scrolls of amnesia
 v - a scroll of enchant weapon
 x - a scroll of identify
Potions
 d - 3 potions of might
 e - a potion of invisibility
 g - 2 potions of haste
 h - 4 potions of magic
 i - 2 potions of berserk rage
 k - 4 potions of curing


   Skills:
 * Level 19.0 Fighting
 * Level 19.5 Long Blades
 * Level 15.1 Armour
 + Level 7.8 Dodging
 + Level 3.1 Stealth
 * Level 14.0 Shields


You had 10 spell levels left.
You didn't know any spells.
Your spell library was empty.

Dungeon Overview and Level Annotations

Branches:
Dungeon (1/1)

Altars:
Cheibriados
Dithmenos
Elyvilon
Fedhas
Gozag
Hepliaklqana
Kikubaaqudgha
Makhleb
Nemelex Xobeh
Okawaru
Qazlal
Ru
Sif Muna
Trog
Uskayaw
Vehumet
Wu Jian
Xom
Yredelemnul
Zin
The Shining One
Beogh
Jiyva
Lugonu

Shops:
D ?*(


Innate Abilities, Weirdness & Mutations

Your life essence is reduced to manifest your ancestor. (-10% HP)
You have a pair of horns on your head.
You reflexively headbutt those who attack you in melee.


Message History

The ettin begs for mercy.
There is an open door, spattered with blood here.
Things that are here:
a +0 dire flail; a +0 chain mail
Things that are here:
a +0 bardiche; a +0 plate armour
Items here: )) [[.
The ettin seems to regain its courage.
The ettin prays for help.
The ettin pleads, "Why can't we all just get along?"
Something hits you!
* * * LOW HITPOINT WARNING * * *
Cornered, the ettin turns to fight!
You barely miss the ettin.
You headbutt the ettin, but do no damage.
The ettin is severely wounded.
Something hits you!
* * * LOW HITPOINT WARNING * * *
You slice the ettin!! You headbutt the ettin.
The ettin is almost dead.
The ettin misses you. You furiously retaliate!
You headbutt the ettin. The ettin hits you but does no damage.
Something hits you.
* * * LOW HITPOINT WARNING * * *
You slice the ettin!!
You kill the ettin!
Your Fighting skill increases to level 19!
Your Shields skill increases to level 14!
Something hits you!
* * * LOW HITPOINT WARNING * * *
There is an open door to Orc:2, spattered with blood here.
Items here: )) ††.
You hit something but do no damage. Something hits you.
* * * LOW HITPOINT WARNING * * *
You miss something.
You hear some strange, mumbled words.
Something tries to affect you, but you resist.
You closely miss something. You miss something.
Something hits you but does no damage.
You slice something!! Something hits you!
You die...

▓▓▓▓▓▓▓▓▓▓▓▓▓▓▓▓▓▓▓▓▓▓▓▓▓▓▓
...'))).........@)))$$∩.∩.∩
▓▓▓▓▓▓▓▓▓▓▓▓▓▓▓▓▓▓▓▓▓▓▓▓▓▓▓▓▓▓▓▓▓
.................)...............
▓▓▓▓▓▓▓▓▓▓▓▓▓▓▓▓▓▓▓▓▓▓▓▓▓▓▓▓▓▓▓▓▓
.......'.........'......)....)'..
▓▓▓▓▓▓▓▓▓▓▓▓▓▓▓▓▓▓▓▓▓▓▓▓▓▓▓▓▓▓▓▓▓
.................................
▓▓▓▓▓▓▓▓▓▓▓▓▓▓▓▓▓▓▓▓▓▓▓▓▓▓▓▓▓▓▓▓▓
_________________'..)..[...))).).


There were no monsters in sight!

Vanquished Creatures
  An ettin (D)
  Harold (D)
  3 ogre magi (D)
  An orc high priest (D)
  An orc knight (D)
  A deep troll (D)
  A deep elf pyromancer (D)
  An ugly thing (D)
  2 orc sorcerers (D)
  An elephant (D)
  A cane toad (D)
  A gargoyle (D)
  A rime drake (D)
  2 komodo dragons (D)
  2 trolls (D)
  A polar bear (D)
  A wraith (D)
  4 yaks (D)
  A basilisk (D)
  A warg (D)
  An acid dragon (D)
  3 water moccasins (D)
  A hell hound (D)
  6 orc warriors (D)
  6 wolves (D)
  A centaur (D)
  A kobold brigand (D)
  A bullfrog (D)
  3 orc priests (D)
  An iguana (D)
  4 orc wizards (D)
  7 orcs (D)
  2 ball pythons (D)
  2 bat skeletons (D)
  2 goblins (D)
  A kobold (D)
  A ball python skeleton (D)
  A giant cockroach zombie (D)
72 creatures vanquished.

Vanquished Creatures (collateral kills)
  A komodo dragon (D)
  A troll (D)
  2 orc warriors (D)
  A wolf (D)
  2 bullfrogs (D)
  An orc wizard (D)
8 creatures vanquished.

Vanquished Creatures (others)
  A yak (shapeshifter) (D)
  2 battlemagi (D)
3 creatures vanquished.

Grand Total: 83 creatures vanquished

Notes
Turn   | Place    | Note
-------+----------+-------------------------------------------
     0 | D        | dduke234 the Minotaur Fighter began the quest for the Orb.
     0 | D        | Reached XP level 1. HP: 19/19 MP: 0/0
    13 | D        | Reached skill level 5 in Fighting
    19 | D        | Noticed an iguana
    19 | D        | Noticed a water moccasin
    24 | D        | Killed an iguana
    25 | D        | Reached skill level 5 in Armour
    25 | D        | Reached XP level 2. HP: 28/30 MP: 1/1
    25 | D        | Reached XP level 3. HP: 34/37 MP: 2/2
    31 | D        | Killed a water moccasin
    32 | D        | Reached skill level 5 in Long Blades
    32 | D        | Reached XP level 4. HP: 28/48 MP: 3/3
    33 | D        | Reached XP level 5. HP: 31/53 MP: 4/4
   169 | D        | Found a snail-covered altar of Cheibriados.
   169 | D        | Found a shadowy altar of Dithmenos.
   169 | D        | Found a white marble altar of Elyvilon.
   169 | D        | Found a blossoming altar of Fedhas.
   169 | D        | Found an opulent altar of Gozag.
   170 | D        | Found a hazy altar of Hepliaklqana.
   171 | D        | Found a viscous altar of Jiyva.
   172 | D        | Found an ancient bone altar of Kikubaaqudgha.
   175 | D        | Found a corrupted altar of Lugonu.
   176 | D        | Found a burning altar of Makhleb.
   177 | D        | Found a sparkling altar of Nemelex Xobeh.
   178 | D        | Found an iron altar of Okawaru.
   179 | D        | Found a stormy altar of Qazlal.
   180 | D        | Found a sacrificial altar of Ru.
   181 | D        | Found a shimmering blue altar of Sif Muna.
   182 | D        | Found a bloodstained altar of Trog.
   183 | D        | Found a hide-covered altar of Uskayaw.
   184 | D        | Found a radiant altar of Vehumet.
   185 | D        | Found an ornate altar of the Wu Jian Council.
   186 | D        | Found a shimmering altar of Xom.
   187 | D        | Found a basalt altar of Yredelemnul.
   188 | D        | Found a glowing silver altar of Zin.
   189 | D        | Found a glowing golden altar of the Shining One.
   214 | D        | Became a worshipper of Hepliaklqana the Forgotten
   269 | D        | Noticed an acid dragon
   269 | D        | Noticed a wraith
   269 | D        | Noticed a gargoyle
   275 | D        | Reached skill level 1 in Dodging
   281 | D        | Killed an acid dragon
   282 | D        | Reached XP level 6. HP: 62/63 MP: 5/5
   282 | D        | Killed a wraith
   283 | D        | Reached skill level 10 in Fighting
   290 | D        | Killed a gargoyle
   291 | D        | Reached skill level 10 in Long Blades
   291 | D        | Reached skill level 10 in Armour
   291 | D        | Reached XP level 7. HP: 31/74 MP: 6/6
   491 | D        | Noticed a brown ugly thing
   491 | D        | Noticed a yak
   491 | D        | Noticed a deep elf pyromancer
   491 | D        | Noticed a troll
   507 | D        | Killed a deep elf pyromancer
   508 | D        | Reached skill level 10 in Shields
   508 | D        | Reached XP level 8. HP: 23/83 MP: 7/7
   509 | D        | Killed a brown ugly thing
   519 | D        | Killed a troll
   754 | D        | Reached * piety under Hepliaklqana
   806 | D        | Reached ** piety under Hepliaklqana
   807 | D        | Remembered your ancestor My twin as a battlemage
   865 | D        | Noticed a cane toad
   865 | D        | Noticed a komodo dragon
   871 | D        | Killed a cane toad
   872 | D        | Reached skill level 1 in Stealth
   872 | D        | Reached XP level 9. HP: 83/83 MP: 8/8
   879 | D        | Noticed a rime drake
   890 | D        | Killed a komodo dragon
   903 | D        | Killed a rime drake
   904 | D        | Reached skill level 15 in Long Blades
   904 | D        | Reached skill level 5 in Dodging
  1065 | D        | Noticed an elephant
  1065 | D        | Noticed a polar bear
  1068 | D        | Noticed a komodo dragon
  1069 | D        | Noticed a komodo dragon
  1078 | D        | Killed an elephant
  1079 | D        | Reached XP level 10. HP: 79/93 MP: 9/9
  1097 | D        | Reached skill level 15 in Fighting
  1267 | D        | Reached *** piety under Hepliaklqana
  1325 | D        | Noticed Harold
  1335 | D        | Killed Harold
  1365 | D        | Noticed an orc sorcerer
  1368 | D        | Noticed an orc high priest
  1372 | D        | Noticed an orange demon
  1375 | D        | Noticed a sun demon
  1375 | D        | Killed an orc sorcerer
  1379 | D        | Noticed a rust devil
  1391 | D        | Killed an orc high priest
  1520 | D        | Noticed an orc knight
  1530 | D        | Killed an orc knight
  1531 | D        | Reached XP level 11. HP: 47/105 MP: 10/10
  1537 | D        | Noticed an orc sorcerer
  1808 | D        | Noticed a soul eater
  1823 | D        | Killed an orc sorcerer
  2175 | D        | Found Testref's Magic Scroll Emporium.
  2175 | D        | Noticed an ogre mage
  2175 | D        | Noticed a deep troll
  2175 | D        | Noticed an ogre mage
  2176 | D        | Noticed an ogre mage
  2180 | D        | Killed an ogre mage
  2181 | D        | Noticed an ettin
  2185 | D        | Killed a deep troll
  2189 | D        | Found Viduc's Assorted Antiques.
  2192 | D        | Killed an ogre mage
  2192 | D        | Noticed an ogre mage
  2198 | D        | Killed an ogre mage
  2199 | D        | Reached skill level 15 in Armour
  2199 | D        | Found Ref Gear's Antique Weapon Emporium.
  2235 | D        | Killed an ettin
  2237 | D        | HP: 3/109 [something (3)]
  2241 | D        | Slain by an ogre mage

Illustrated notes

Levels and vault maps discovered:
D:        linesprint [early_d, line_temple, items_1, d_10, items_2, lair_1,
          lair_end, items_3, orc_1, orc_end, items_4, d_15, swamp_1, shoals_1,
          snake_1, spider_1, d_20, vaults_1, items_5, swamp_end, shoals_end,
          snake_end, spider_end, vaults_end, d_27, items_6, zot_1, zot_end,
          crypt_end, forest_end, elf_end, slime_end, tomb_end, abyss_end,
          pan_hell_end]

Skill      XL: |  1  2  3  4  5  6  7  8  9 10 11 |
---------------+----------------------------------+-----
Fighting       | 6 7 9 11 12 13 14 17 19 | 19.0
Armour         | 5 7 8 10 11 12 13 14 15 | 15.1
Long Blades    | 3 5 7 10 11 13 15 18 19 | 19.5
Shields        | 4 6 8 9 10 11 12 13 14 | 14.0
Dodging        | 1 2 3 4 5 6 7 |  7.8
Stealth        | 1 2 3 |  3.1

Action                   |  1- 3 |  4- 6 |  7- 9 | 10-12 || total
-------------------------+-------+-------+-------+-------++-------
Melee: Long sword        |    20 |     3 |       |       ||    23
       Headbutt          |     5 |     5 |    17 |    35 ||    62
       Scimitar          |       |    19 |    66 |   146 ||   231
Invok: Ancestor Life: Ba |       |       |     1 |       ||     1
       Ancestor Identity |       |       |     1 |       ||     1
  Use: Potion            |     1 |       |     1 |     3 ||     5
       Scroll            |       |       |     7 |     2 ||     9
 Stab: Distracted        |       |       |       |     2 ||     2
Armor: Scale mail        |     7 |     1 |       |       ||     8
       Ring mail         |       |     3 |       |       ||     3
       Acid dragon scale |       |       |    15 |    20 ||    35
Dodge: Dodged            |    12 |    10 |    28 |    46 ||    96
Block: Buckler           |     6 |     4 |    13 |    22 ||    45

Table legend: (Time is in decaauts)
 A = Elapsed time spent in this place.
 B = Non-inter-level travel time spent in this place.
 C = Inter-level travel time spent in this place.
 D = Time resting spent in this place.
 E = Time spent auto-exploring this place.
 F = Levels seen in this place.
 G = Mean time per level.
                   A        B        C        D        E       F      G
               +--------+--------+--------+--------+--------+-----+--------+
         Total |   2188 |   2188 |      0 |      0 |   1109 |   1 | 2188.0 |
       Dungeon |   2188 |   2188 |      0 |      0 |   1109 |   1 | 2188.0 |
               +--------+--------+--------+--------+--------+-----+--------+

Top non-repeatable levels by time:
       D: 2188 daAuts
